 Dungeon Crawl Stone Soup version 0.28.0-47-ge53b351184 (webtiles) character file.

Game seed: 1687118579959430577

28 issech the Cudgeller (level 2, -4/29 HPs)
             Began as a Troll Monk on May 8, 2022.
             Slain by an ogre
             ... wielding a +0 giant club
              (17 damage)
             ... on level 2 of the Dungeon.
             The game lasted 00:01:49 (295 turns).

issech the Cudgeller (Troll Monk)                    Turns: 295, Time: 00:01:49

Health: -4/29      AC:  4    Str: 18    XL:     2   Next: 96%
Magic:  1/1        EV: 10    Int:  6    God:
Gold:   16         SH:  0    Dex: 12    Spells: 1/1 levels left

rFire   . . .      SeeInvis .   a - +0 mace
rCold   . . .      Faith    .   (no shield)
rNeg    . . .      Spirit   .   b - +0 robe
rPois   .          Reflect  .   (helmet restricted)
rElec   .          Harm     .   (no cloak)
rCorr   .          Rampage  .   (gloves unavailable)
Will    .....                   (boots unavailable)
Stlth   ++........              (no amulet)
HPRegen 0.89/turn               (no ring)
MPRegen 0.07/turn               (no ring)

@: no status effects
A: large, unfitting armour, claws 3, regeneration 1, shaggy fur 1, tough skin 1
a: no special abilities


You were on level 2 of the Dungeon.
You visited 1 branch of the dungeon, and saw 2 of its levels.

You collected 16 gold pieces.

Inventory:

Hand Weapons
 a - a +0 mace (weapon)
Missiles
 d - 22 stones (quivered)
Armour
 b - a +0 robe (worn)
Potions
 c - 3 potions of heal wounds {unknown}


   Skills:
 + Level 2.7 Fighting
 + Level 3.1 Maces & Flails
 + Level 2.8 Dodging
 + Level 1.0 Stealth


You had one spell level left.
You didn't know any spells.
Your spell library was empty.

Dungeon Overview and Level Annotations

Branches:
Dungeon (1/15)

Altars:


Innate Abilities, Weirdness & Mutations

You are too large for most types of armour.
You have claws for hands.
Your natural rate of healing is unusually fast.
You are covered in fur. (AC +1)
You have tough skin. (AC +1)


Message History

The adder closely misses you.
You closely miss the adder. Your claw misses the adder.
The adder is almost dead.
You feel sick. The adder closely misses you. x2
You closely miss the adder.
The adder is almost dead.
You feel sick. The adder bites you.
* * * LOW HITPOINT WARNING * * *
The adder bites you but does no damage.
You hit the adder.
You kill the adder!
You feel sick.
You are no longer poisoned.
You start resting.
HP restored.
A rat comes into view.
The rat completely misses you. The rat barely misses you.
You closely miss the rat. The rat closely misses you.
You hit the rat.
The rat is severely wounded.
The rat closely misses you.
You hit the rat.
You kill the rat!
You see here a rat corpse.
An ogre comes into view. It is wielding a +0 giant club.
You throw a stone. The stone hits the ogre.
The ogre is lightly wounded.
You hit the ogre but do no damage.
The ogre is lightly wounded.
The ogre hits you with a +0 giant club.
You hit the ogre but do no damage.
The ogre is lightly wounded.
The ogre hits you with a +0 giant club!!
Ouch! That really hurt!
* * * LOW HITPOINT WARNING * * *
Found an escape hatch in the floor.
The ogre hits you with a +0 giant club!
Ouch! That really hurt!
You die...

##.........#
#.##..###).#
#.....>....# #.##..
#..# #......##..#
#.##..###..#
#..8#8........
....... #..######
#..#$#..###.## ##..
.#........
##.8#8..# ...
........###....
#......###....
..#.#..........
###..#.....######>#
#######....
#...........@...#
##...
#..####......O###
#...
#..####.#####.###.#
#.##
#.................#
#.##
#†###########.#####
#... #.# #.# ####
#.###########.#
#.............#
############..#
##### #


You could see an ogre.

Vanquished Creatures
  2 adders (D:2)
  A giant cockroach (D:2)
  A goblin (D:2)
  A hobgoblin (D:2)
  3 bats (D:2)
  2 kobolds (D:2)
  3 rats (D:2)
13 creatures vanquished.

Notes
Turn   | Place    | Note
-------+----------+-------------------------------------------
     0 | D:1      | issech the Troll Monk began the quest for the Orb.
     0 | D:1      | Reached XP level 1. HP: 22/22 MP: 0/0
     4 | D:1      | You fall into a shaft and drop 1 floor!
   110 | D:2      | Reached XP level 2. HP: 18/29 MP: 1/1
   142 | D:2      | Reached skill level 3 in Maces & Flails
   282 | D:2      | Noticed an ogre
   295 | D:2      | Slain by an ogre

Illustrated notes

Levels and vault maps discovered:
D:1:      zaba_arrival_water, layout_basic, serial_shops, shop,
          hellmonk_ecumenical_altar_heavens_door, nicolae_grassy_gnolls
D:2:      layout_loops_ring, minmay_misc_feat_tiny,
          chequers_hall_statues_corner_a, minmay_statues_item

Skill      XL: |  1  2 |
---------------+-------+-----
Maces & Flails | 3 |  3.1
Fighting       | |  2.7
Dodging        | |  2.8
Stealth        | |  1.0

Action                   || total
-------------------------++-------
Melee: Mace              ||    59
       Punch             ||     1
Throw: Stone             ||     1
Armor: Robe              ||    24
Dodge: Dodged            ||    44
